 Dungeon Crawl Stone Soup version 0.30-a0-953-g5f1da4a474 (webtiles) character file.

Game seed: 2944458855113302112

73 retardedninja the Magician (level 4, -2/24 HPs)
             Began as a Deep Elf Air Elementalist on Mar 28, 2023.
             Killed by divine providence
             ... invoked by an orc priest
              (11 damage)
             ... on level 2 of the Dungeon.
             The game lasted 00:02:33 (1820 turns).

retardedninja the Magician (DEAE)                   Turns: 1820, Time: 00:02:33

Health: -2/24      AC:  3    Str:  5    XL:     4   Next: 8%
Magic:  7/11       EV: 13    Int: 22    God:
Gold:   84         SH:  5    Dex: 15    Spells: 9/10 levels left

rFire   . . .      SeeInvis .    f - +0 dagger
rCold   . . .      Faith    .    (no shield)
rNeg    . . .      Spirit   .    a - +0 robe
rPois   .          Reflect  +    (no helmet)
rElec   .          Rampage  .    (no cloak)
rCorr   .                        (no gloves)
Will    .....                    e - +0 pair of boots
Stlth   ++                       c - amulet of reflection
HPRegen 0.24/turn                (no ring)
MPRegen 0.12/turn                (no ring)

@: no status effects
A: no striking features
a: no special abilities


You were on level 2 of the Dungeon.
You visited 1 branch of the dungeon, and saw 2 of its levels.

You collected 84 gold pieces.

Inventory:

Hand Weapons
 f - a +0 dagger (weapon)
Armour
 a - a +0 robe (worn)
 e - a +0 pair of boots (worn)
Jewellery
 c - an amulet of reflection (around neck)
 i - a +4 ring of protection
Scrolls
 d - a scroll of teleportation {unknown}
 j - 2 scrolls of amnesia {unknown}
Potions
 g - a potion of flight {unknown}
 h - 2 potions of resistance {unknown}
 k - a potion of attraction {unknown}


   Skills:
 + Level 3.2 Dodging
 + Level 3.2 Stealth
 + Level 3.8 Spellcasting
 + Level 2.1 Conjurations
 + Level 3.4 Air Magic


You had 9 spell levels left.
You knew the following spells:

 Your Spells              Type           Power      Damage    Failure   Level
a - Shock                 Conj/Air       64%        1d7       3%          1

Your spell library contained the following spells:

 Spells                   Type           Power      Damage    Failure   Level
 Static Discharge         Conj/Air       32%        2-4/arc   5%          2
 Swiftness                Air            19%        N/A       9%          3
 Summon Small Mammal      Summ           16%        N/A       12%         1
 Airstrike                Air            9%         2d(2-18)  28%         4
 Call Canine Familiar     Summ           4%         N/A       34%         3
 Summon Guardian Golem    Hex/Summ       4%         N/A       34%         3


Dungeon Overview and Level Annotations

Branches:
Dungeon (2/15)

Altars:


Message History

The orc attacks as you move away! The orc closely misses you.
Aiming: Shock (safe; 4% risk of failure)
Press: ? - help, Q - select action Shift-Dir - straight line, f - orc, p - orc
Aim: an orc, wielding a +2 flail of protection (71% to hit)
The zap hits the orc.
You kill the orc!
The zap hits the orc but does no damage.
You have reached level 4!
You feel clever.
Aiming: Shock (safe; 3% risk of failure)
Press: ? - help, Q - select action Shift-Dir - straight line, f - orc priest, p - orc
Aim: an orc priest, wielding a +0 hand axe (71% to hit)
The zap hits the orc.
The orc is almost dead.
The zap hits the orc.
The orc is severely wounded.
The zap hits the orc priest!
The orc priest is heavily wounded.
The orc hits you with a +2 flail of protection.
The orc closely misses you.
Your magical contamination has completely faded away.
Aiming: Shock (safe; 3% risk of failure)
Press: ? - help, Q - select action Shift-Dir - straight line, f/p - orc priest
Aim: an orc priest, wielding a +0 hand axe (heavily wounded, 71% to hit)
The zap hits the orc.
You kill the orc!
The zap hits the orc.
You kill the orc!
The zap hits the orc priest.
The orc priest is severely wounded.
Unknown command.
Aiming: Shock (safe; 3% risk of failure)
Press: ? - help, Q - select action Shift-Dir - straight line, f - orc, p - orc priest
Aim: an orc, wielding a +0 war axe (71% to hit)
The zap hits the orc priest.
The orc priest is almost dead.
The zap misses the orc.
The orc priest invokes the aid of Beogh against you.
Beogh smites you!
You die...

..#.# #.).o...# ###.#
#.......# #.#
#..o.... #.# .......
#.# ####....#######
#.....o..?....#
#.##.##o# #.##.##)#
#.##.##@# #.##.##.#
#.# # #[##.##.#####.#
######
#.##.....†.....
.....#
##.##.########.#
####.# ##..##.#
######.# #
#.###......###...##.#
#..........##.###.#.#
######........# #...#


You could see an orc priest and an orc.

Vanquished Creatures
  2 adders (D:2)
  4 orcs (D:2)
  3 endoplasms (D:1)
  7 giant cockroaches
  4 goblins
  4 hobgoblins
  6 kobolds
  2 quokkas
  4 ball pythons
  5 bats
  2 frilled lizards
  4 rats
47 creatures vanquished.

Notes
Turn   | Place    | Note
-------+----------+-------------------------------------------
     0 | D:1      | retardedninja the Deep Elf Air Elementalist began the quest
                  | for the Orb.
     0 | D:1      | Reached XP level 1. HP: 10/10 MP: 6/6
   203 | D:1      | Reached XP level 2. HP: 15/15 MP: 5/8
  1156 | D:1      | Reached XP level 3. HP: 19/19 MP: 6/9
  1818 | D:2      | Reached XP level 4. HP: 9/24 MP: 9/11
  1820 | D:2      | Killed from afar by an orc priest

Illustrated notes

Levels and vault maps discovered:
D:1:      kennysheep_arrival_forest, layout_loops_ring, minmay_quantized
D:2:      cheibrodos_pilgrimage, layout_loops_ring

Skill      XL: |  1  2  3 |
---------------+----------+-----
Stealth        | 3 |  3.2
Dodging        | 3 |  3.2
Conjurations   | 2 |  2.1
Spellcasting   | |  3.8
Air Magic      | |  3.4

Action                     |  1- 3 |  4- 6 || total
---------------------------+-------+-------++-------
  Melee: Unarmed           |    20 |       ||    20
   Cast: Shock             |    88 |     3 ||    91
    Use: Potion            |     1 |       ||     1
 Armour: Robe              |     4 |       ||     4
  Dodge: Dodged            |    22 |     1 ||    23
  Block: Other             |     3 |       ||     3

Table legend: (Time is in decaauts)
 A = Elapsed time spent in this place.
 B = Non-inter-level travel time spent in this place.
 C = Inter-level travel time spent in this place.
 D = Time resting spent in this place.
 E = Time spent auto-exploring this place.
 F = Levels seen in this place.
 G = Mean time per level.
                   A        B        C        D        E       F      G
               +--------+--------+--------+--------+--------+-----+--------+
         Total |   1819 |   1796 |     23 |    223 |   1391 |   2 |  909.5 |
       Dungeon |   1819 |   1796 |     23 |    223 |   1391 |   2 |  909.5 |
               +--------+--------+--------+--------+--------+-----+--------+

Top non-repeatable levels by time:
     D:1: 1427 daAuts
     D:2: 391 daAuts
